[Event "SVK ECo-C Extraliga 2021-22"]
[Site "Slovakia"]
[Date "2022.06.10"]
[Round "9.1"]
[White "Saric, Ivan"]
[Black "Vykouk, Jan"]
[Result "1/2-1/2"]
[ECO "B54"]
[WhiteElo "2693"]
[BlackElo "2464"]
[Annotator "TA"]
[PlyCount "119"]
[EventDate "2021.10.21"]
[EventType "team-tourn"]
[EventCountry "SVK"]
[SourceTitle "playchess.com"]
[Source "ChessBase"]
[SourceQuality "1"]
[TimeControl "40/5400+30:1800+30"]

1. e4 c5 2. Nf3 d6 3. Bb5+ Bd7 4. c4 Nc6 5. d4 cxd4 6. Nxd4 Nf6 {[%emt 0:00:17] B54: Sicilian: 2...d6 3 d4 cxd4 4 Nxd4, Unusual Lines .} 7. Nc3 a6 8. Nxc6 bxc6 {[%emt 0:01:06] The position is equal.} 9. Ba4 {[%emt 0:00:04] [#]} g6 $146 ({Predecessor:} 9... Qa5 10. O-O e5 11. a3 Be7 12. b4 Qc7 13. h3 O-O 14. Be3 Be6 15. Qe2 a5 {0-1 (43) Hidalgo Santana,F (2140)-Hernandez Leon,A (2276) Vecindario 2019}) 10. O-O Bg7 11. c5 dxc5 12. Be3 Ng4 13. Bxc5 Qa5 $1 {[%emt 0:11:02] [#]} 14. Nd5 $1 Qxc5 15. Nc7+ Kd8 16. Nxa8 Bd4 $1 17. Qd2 (17. h3 Nxf2 18. Rxf2 Bxf2+ 19. Kh1 e5 $15) 17... Qe5 (17... Kc8 $1 $14) 18. g3 $1 $16 {[%emt 0:04:29] Rfd1 is the strong threat.} (18. Rfd1 $2 Qxh2+ 19. Kf1 e5 $19) 18... Qh5 19. h4 Qe5 {[%emt 0:00:04][%csl LRb2,LRe4,LRg3] ( -> ...Qxg3+)} 20. Qf4 ({White should play} 20. Kh1 $16 {Hoping for Rad1.} Nf6 21. Rad1) 20... Kc8 (20... Qxf4 $14 21. gxf4 e5) 21. Rad1 Qxf4 22. gxf4 {[%emt 0:00:04] Chess con chili.} Ba7 23. Rd2 $1 Nf6 {[%emt 0:05:23] [#]} 24. Rc1 $1 Kb8 {[%emt 0:07:42] [#]} 25. e5 $1 (25. Bxc6 $6 Rc8 26. Rdc2 (26. Rxd7 Nxd7 27. Rc4 Bc5 $17) 26... Bxc6 27. Rxc6 Rxc6 28. Rxc6 Kxa8 $11) 25... Nd5 {[%emt 0:00:06] [#]} 26. Nc7 $1 Kxc7 27. Rxd5 Rb8 28. Rxd7+ Kxd7 29. Rxc6 {[%emt 0:00:03][%mdl 4096] Endgame KRB-KRB} Kd8 30. Rxa6 Bd4 31. b3 Bb6 32. Bc6 Kc7 33. Ra8 Rxa8 34. Bxa8 {[%emt 0:00:04] KB-KB} Bd4 35. Kg2 Kb6 36. Bd5 f6 37. exf6 exf6 38. Bg8 h6 39. Bf7 g5 40. fxg5 fxg5 41. h5 Kc5 42. f3 Bc3 43. Kf2 {[%emt 0:01:15] And now Ke3 would win.} Kd4 44. Ke2 Bb4 45. Bg8 Ba5 46. a3 Bc3 47. b4 Bb2 48. a4 {[%emt 0:00:00] Black must now prevent a5.} Bc3 49. a5 (49. b5 $16) 49... Bxb4 $14 50. a6 {[%emt 0:00:00] White wants to mate with a7.} Bc5 51. Kd2 Ba7 52. Be6 Ke5 53. Bc8 Kd4 54. Kc2 Kc4 55. Bh3 Kd4 56. Kb3 Ke5 57. Kc4 Kd6 58. Bg4 Ke5 59. Bc8 (59. Kb5 $14 Kd6 60. Kc4) 59... Kd6 ({Better is} 59... Kf4 $1 $11) 60. Kd3 {[%emt 0:00:00] Black escapes into a draw.  Weighted Error Value: White=0.09 (flawless) /Black=0.10 (very precise)} 1/2-1/2

[Event "SVK ECo-C Extraliga 2021-22"]
[Site "Slovakia"]
[Date "2022.06.10"]
[Round "9.1"]
[White "Babula, Vlastimil"]
[Black "Vetoshko, Volodymyr"]
[Result "1/2-1/2"]
[ECO "D31"]
[WhiteElo "2558"]
[BlackElo "2500"]
[Annotator "TA"]
[PlyCount "96"]
[EventDate "2021.10.21"]
[EventType "team-tourn"]
[EventCountry "SVK"]
[SourceTitle "playchess.com"]
[Source "ChessBase"]
[SourceQuality "1"]
[TimeControl "40/5400+30:1800+30"]

1. d4 d5 2. c4 e6 3. Nc3 a6 4. cxd5 exd5 5. Qb3 c5 6. Nxd5 {[%emt 0:09:17] D31: Queen's Gambit Declined: Semi-Slav without ...Nf6 (+ Marshall Gambit and Noteboom) and Exchange Variation lines without ...Nf6.} Nc6 7. Nf3 Be6 (7... cxd4 $11 8. e4 dxe3 9. Bxe3 (9. Qxe3+ Be6 $11) 9... Be6) 8. e4 $14 {[%emt 0:03:02] White is slightly better.} cxd4 (8... Nge7 $14 {feels stronger.}) 9. Bd2 $16 (9. Qxb7 Bxd5 10. exd5 Na5 11. Bb5+ axb5 12. Qxb5+ Qd7 $17) 9... Rb8 10. Ng5 $1 {[%emt 0:08:14] [#] White is much more active.} Bxd5 $146 (10... Bd6 $16 {keeps fighting.}) ({Predecessor:} 10... Bd6 11. Nxe6 fxe6 12. Nf4 e5 13. Nh5 Qe7 14. Bc4 Nf6 15. Nxf6+ Qxf6 16. O-O Ke7 {0-1 (51) Volkov,S (2557)-Yudin,S (2484) Barnaul 2021}) 11. exd5 $18 (11. Qxd5 Qxd5 12. exd5 Nb4 $14) 11... Bb4 12. Bxb4 Nxb4 13. Qxb4 (13. Nxf7 $18 Qe7+ 14. Kd2 Qxf7 15. Re1+ (15. Qxb4 Qxf2+ 16. Be2 Ne7 $14) 15... Ne7 16. Qxb4) 13... Qxg5 $16 14. Qxd4 (14. Bxa6 $1 $16 {White wants to mate with Bb5+.} Qe7+ 15. Qxe7+ Kxe7 16. Bc4) 14... Nf6 $11 15. Bc4 b5 16. Bb3 Qxg2 17. O-O-O ({Much weaker is} 17. Qe5+ Kd7 18. Qf5+ Kd8 $15) 17... O-O $1 18. Rhe1 Qg6 {[%emt 0:01:12] Strongly threatening ...Rbc8+.} 19. Qd3 Qxd3 20. Rxd3 Nd7 21. Rc3 Rfc8 22. d6 Rxc3+ 23. bxc3 $14 {[%emt 0:00:02][%mdl 4096] Endgame KRB-KRN} Nc5 {[%emt 0:00:41] aiming for ...Nd3+.} 24. Re7 Rd8 25. Rc7 $1 ({Much worse is} 25. Bxf7+ Kf8 $11) 25... Nxb3+ (25... Nd7 $1 $14) 26. axb3 {[%emt 0:00:02][%cal Ba2b3,Bb3c4,Bc4c5][%mdl 32] KR-KR} f6 $2 (26... Kf8 $16 {is more resistant.}) 27. Rc6 $1 $18 Kf7 28. c4 $1 bxc4 (28... Ke6 $142 29. c5 a5) 29. bxc4 Ke6 {[%emt 0:00:51] [#]} 30. c5 $1 a5 (30... Rd7 $142 31. Rc8 (31. Rxa6 Kd5 $16) 31... a5) 31. Kb2 (31. Rc7 $142 g5 32. Kb2) 31... Rd7 32. Ka3 g5 $2 (32... Rb7 33. Ka4 Ra7) 33. Ka4 (33. Rc8 $142 {Black must now prevent Ka4.} h6 34. c6 Rxd6 35. Re8+ Kf7 36. c7 Kxe8 37. c8=Q+ Ke7 38. Qb7+ Kf8 39. Qh7) 33... Ra7 {[%emt 0:00:22] [#]} 34. Rc8 $2 (34. Kb5 $1 $18) 34... Kd7 $11 {[%emt 0:00:12] The position is equal.} 35. Rf8 Kc6 36. Rc8+ Kd7 37. Rc7+ Rxc7 38. dxc7 Kxc7 39. Kxa5 {[%emt 0:00:02] K3P-K3P} Kc6 40. Kb4 f5 (40... g4 $5) 41. Kc4 {[%emt 0:30:53] Threatens to win with Kd4.} g4 42. Kd4 h5 43. Ke5 Kxc5 44. Kxf5 Kd5 45. Kg5 Ke4 46. Kh4 Kf4 47. Kxh5 Kf5 48. Kh6 Kf6 $1 {[%emt 0:00:00] White really could win this.  Weighted Error Value: White=0.46/Black=0.29 (precise)} 1/2-1/2

[Event "SVK ECo-C Extraliga 2021-22"]
[Site "Slovakia"]
[Date "2022.06.10"]
[Round "9.1"]
[White "Krejci, Jan"]
[Black "Mazur, Stefan"]
[Result "1-0"]
[ECO "E71"]
[WhiteElo "2520"]
[BlackElo "2437"]
[Annotator "TA"]
[PlyCount "95"]
[EventDate "2021.10.21"]
[EventType "team-tourn"]
[EventCountry "SVK"]
[SourceTitle "playchess.com"]
[Source "ChessBase"]
[SourceQuality "1"]
[TimeControl "40/5400+30:1800+30"]

1. c4 Nf6 2. d4 g6 3. Nc3 Bg7 4. e4 d6 5. h3 O-O 6. Be3 e5 7. d5 Na6 8. g4 {[%emt 0:00:09] E71: King's Indian: 4 e4 d6 5 h3.} Nc5 9. f3 a5 10. Qd2 {[%emt 0:00:05] White is slightly better.} (10. h4 $5 ) 10... c6 $1 11. Nge2 cxd5 12. cxd5 Bd7 13. Nc1 {[%emt 0:00:05] [#]} Rc8 $146 ({Predecessor:} 13... a4 14. Nd3 Nxd3+ 15. Bxd3 Qa5 16. a3 Rfc8 17. O-O Ne8 18. Rac1 Nc7 19. Qf2 b5 {1-0 (38) Salem,A (2690)-Costachi,M (2463) Warsaw 2021}) 14. Nd3 Na4 15. Nxa4 Bxa4 16. Rc1 {[%emt 0:00:03] Against Rc2} Rxc1+ 17. Nxc1 Qc7 (17... Ne8 $11) 18. Ne2 $16 Bb5 19. Nc3 Ba6 20. Nb5 Bxb5 21. Bxb5 Nd7 22. h4 f5 23. h5 ({White should play} 23. exf5 $16 gxf5 24. gxf5) 23... f4 24. Bf2 {[%emt 0:03:48] This bishop pair is nice.} Rc8 {[%emt 0:00:25] And now ...Qc1+ would win.} 25. Ke2 Bf6 26. hxg6 (26. Qc3 {feels hotter.} Qd8 27. Qd3 Nc5 28. Qd2) 26... hxg6 27. Rd1 Nf8 28. Bd3 Bd8 29. Qe1 a4 (29... Nh7 $11) 30. Qb4 Nd7 31. Qxa4 {[%emt 0:05:55] White is much more active.} Nc5 32. Qb5 (32. Qc4 $16) 32... Nxd3 $11 33. Rxd3 Qc1 {[%emt 0:06:23] ( -> ...Rc2+)} ({Don't play} 33... Qc2+ 34. Rd2 Qc1 35. Qb4 $16 (35. Qe8+ Kg7 $14)) 34. Rd2 Kf8 35. a3 Rc7 36. Qb4 Ke8 $2 (36... Be7 $11 {and Black is okay.}) 37. Qxd6 $18 {[%emt 0:08:47] Chess con chili.} Qc4+ 38. Ke1 Qc1+ {[%emt 0:01:44] [#]} 39. Rd1 $1 Qxb2 40. Qxg6+ Kf8 41. Qd6+ Ke8 42. Qb4 Qc2 {[%emt 0:00:00] [#]} (42... Rc2 {was necessary.} 43. Qxb2 Rxb2) 43. Rd2 $1 Qc1+ 44. Ke2 Rh7 45. Qb5+ Kf7 $2 (45... Kf8) 46. Qd7+ {[%emt 0:00:00] White is clearly winning.} Be7 47. Qe6+ ({Worse is} 47. d6 Qc4+ 48. Rd3 Qc2+ 49. Rd2 Qc4+ 50. Rd3 Qc2+ 51. Rd2 Qc4+ $11) 47... Kf8 48. d6 {[%emt 0:00:00] Weighted Error Value: White=0.16 (very precise) /Black=0.37} 1-0

[Event "SVK ECo-C Extraliga 2021-22"]
[Site "Slovakia"]
[Date "2022.06.10"]
[Round "9.1"]
[White "Petenyi, Tamas"]
[Black "Ftacnik, Lubomir"]
[Result "1/2-1/2"]
[ECO "B90"]
[WhiteElo "2452"]
[BlackElo "2508"]
[Annotator "TA"]
[PlyCount "55"]
[EventDate "2021.10.21"]
[EventType "team-tourn"]
[EventCountry "SVK"]
[SourceTitle "playchess.com"]
[Source "ChessBase"]
[SourceQuality "1"]
[TimeControl "40/5400+30:1800+30"]

1. e4 c5 2. Nf3 d6 3. d4 cxd4 4. Nxd4 Nf6 5. Nc3 a6 6. Be3 e5 7. Nb3 Be7 8. f3 h5 9. Qd2 Be6 10. O-O-O Nbd7 11. Nd5 {[%emt 0:05:37] B90: Sicilian Najdorf: Unusual White 6th moves, 6 Be3 Ng4 and 6 Be3 e5.} Nxd5 {[%emt 0:01:39] 11...Nxd5 is better than 11...Bxd5.} 12. exd5 Bf5 13. Kb1 Rc8 14. Bd3 Bxd3 15. Qxd3 Qc7 16. Nd2 g6 17. f4 exf4 18. Bxf4 {[%emt 0:04:12] aiming for Rhe1.} O-O 19. Ne4 ({Better is} 19. g4 $14) 19... Nc5 $11 {[%emt 0:04:49] The position is equal.} 20. Nxc5 Qxc5 {[%emt 0:00:03] [#]} 21. Bh6 $146 {[%emt 0:08:18] [#] Hoping for Rhf1.} ({Predecessor:} 21. Be3 Qc7 22. Bd4 Bg5 23. h4 Bh6 24. g4 hxg4 25. h5 Bg7 26. hxg6 fxg6 27. Qxg6 Rf4 28. Bxg7 Qxg7 29. Qe6+ {1-0 (29) Przybylski,W (2321)-Antonova,N (1842) Chess.com INT 2022}) 21... Rfe8 22. Rhf1 {[%cal Of1f7] Strongly threatening Rxf7!} Qc4 23. Qxc4 Rxc4 24. Rde1 Rc5 25. Bg5 Kf8 26. Bh6+ Kg8 27. Bg5 Kf8 28. Bh6+ {[%emt 0:00:05] Weighted Error Value: White=0.07 (flawless) /Black=0.04 (flawless)} 1/2-1/2

[Event "SVK ECo-C Extraliga 2021-22"]
[Site "Slovakia"]
[Date "2022.06.10"]
[Round "9.2"]
[White "Neugebauer, Martin"]
[Black "Simacek, Pavel"]
[Result "1-0"]
[ECO "C77"]
[WhiteElo "2502"]
[BlackElo "2463"]
[Annotator "TA"]
[PlyCount "67"]
[EventDate "2021.10.21"]
[EventType "team-tourn"]
[EventCountry "SVK"]
[SourceTitle "playchess.com"]
[Source "ChessBase"]
[SourceQuality "1"]
[TimeControl "40/5400+30:1800+30"]

1. e4 e5 2. Nf3 Nc6 3. Bb5 a6 4. Ba4 Nf6 5. d3 b5 6. Bb3 Bc5 7. c3 d6 8. O-O {[%emt 0:00:59] C77: Ruy Lopez: 3...a6 4 Ba4 Nf6, unusual lines.} Bb6 {[%emt 0:05:17] 8...h6 is setting a new trend.} 9. a4 {[%emt 0:03:37] aiming for axb5.} Rb8 10. Bg5 (10. axb5 $14 axb5 11. Na3) 10... h6 $11 11. Bh4 Ne7 (11... g5 $11 {keeps the balance.} 12. axb5 Na5) 12. axb5 axb5 {[%emt 0:00:09] [#]} 13. Bxf6 $146 ({Predecessor:} 13. d4 Ng6 14. dxe5 Nxh4 15. Nxh4 dxe5 16. Qxd8+ Kxd8 17. Bxf7 Rf8 18. Bg6 Be6 19. Nd2 {0-1 (62) Matinian,N (2454)-Pichot,A (2630) Chess.com INT 2021}) 13... gxf6 14. Nh4 Be6 15. Bxe6 {[%emt 0:03:59] White now steadily converts the win.} fxe6 16. Na3 c6 17. Nc2 Kd7 18. c4 Qg8 19. cxb5 cxb5 (19... h5 $1 $14) 20. d4 $16 Ng6 21. Nxg6 Qxg6 {[%emt 0:00:03] [#]} 22. Qd3 {[%emt 0:01:40] Strongly threatening Ra6.} (22. dxe5 fxe5 23. Qd3 Rhc8 $14) 22... Ke7 (22... Rhc8 $16 23. Ra6 (23. Qxb5+ Ke7 $14) 23... Ke7) 23. Rfd1 Rhe8 24. Ra6 {[%emt 0:10:22] And now dxe5 would win.} ({Don't play} 24. dxe5 $6 dxe5 25. Nb4 Kf8 $16) 24... Kf7 25. d5 (25. Qxb5 Qxe4 26. Rxb6 Qxc2 $11) 25... exd5 (25... Kg7 {is a better defense.} 26. dxe6 Rxe6) 26. Qxd5+ $18 Kg7 27. Rd3 {[%emt 0:01:51] [#] Hoping for Rg3.} ({Inferior is} 27. Qxd6 Rbd8 28. Qd7+ Rxd7 $15) 27... Kh8 (27... Rec8 $2 28. Rg3 Rxc2 29. Rxg6+ Kxg6 30. Qd1 Rxb2 31. h4 Bxf2+ 32. Kh2) 28. Rg3 Qh7 29. Qxd6 Qf7 (29... Qe7 30. Qd1 (30. Rxb6 Rbd8 $11) 30... Qc5) 30. Rxb6 Rbd8 31. Qb4 Rd1+ 32. Ne1 Qe7 33. Qc3 Qc7 34. Rxf6 {[%emt 0:00:14] Weighted Error Value: White=0.12 (very precise) /Black=0.65} (34. Qxc7 $2 Rxe1#) 1-0

[Event "SVK ECo-C Extraliga 2021-22"]
[Site "Slovakia"]
[Date "2022.06.10"]
[Round "9.2"]
[White "Haring, Filip"]
[Black "Zilka, Stepan"]
[Result "1-0"]
[ECO "C55"]
[WhiteElo "2444"]
[BlackElo "2605"]
[Annotator "TA"]
[PlyCount "91"]
[EventDate "2021.10.21"]
[EventType "team-tourn"]
[EventCountry "SVK"]
[SourceTitle "playchess.com"]
[Source "ChessBase"]
[SourceQuality "1"]
[TimeControl "40/5400+30:1800+30"]

1. e4 e5 2. Nf3 Nc6 3. Bc4 Nf6 4. d3 Be7 5. O-O O-O 6. a4 d5 7. exd5 Nxd5 8. Re1 {[%emt 0:07:09] C55: Two Knights: 4 d3, 4 d4 exd4 5 e5 and Max Lange Attack.} Bg4 9. h3 Bxf3 10. Qxf3 {[%emt 0:01:11] The position is equal.} Nb6 {[%emt 0:00:09] [#]} 11. b3 $146 ({Predecessor:} 11. Nd2 Nxc4 12. Nxc4 Bf6 13. Bd2 Re8 14. Bc3 Re6 15. Re4 Qd7 16. Rae1 Rae8 17. b4 {1-0 (32) Nihal,S (2620)-Jumabayev,R (2654) Chess.com INT 2020}) 11... Bf6 {[%emt 0:21:35][%cal Oe5e4] [#] Strongly threatening ...e4!} 12. Re4 (12. Nc3 {feels hotter.} e4 13. dxe4 Qd4 14. Bb2) 12... Nxc4 13. bxc4 Bg5 14. Nc3 f5 15. Re1 Nd4 16. Qd5+ Qxd5 17. Nxd5 Bd8 18. Rxe5 c6 19. Ne7+ Kf7 $1 20. Be3 $2 {[%emt 0:24:04] White is more active.} (20. Nxf5 $14 Bf6 21. Nd6+ Kg8 22. Bf4) 20... Nxc2 $17 21. Rb1 {[%emt 0:00:16] [#]} Bc7 (21... Bxe7 $2 22. Rxb7 Nxe3 23. Rexe7+ Kf6 24. fxe3 $18) ({Black should try} 21... Re8 $1 $17 22. Ng6 hxg6 23. Rxb7+ Re7 24. Rexe7+ Bxe7) 22. Rxf5+ Kxe7 23. Bc5+ Bd6 24. Rxb7+ Ke6 25. Rxf8 Bxf8 26. Bxf8 Rxf8 27. Rxa7 Rf7 ({Better is} 27... Kf6 $15) 28. Rxf7 $11 Kxf7 {[%emt 0:00:05][%mdl 4096] Endgame KN-KP} 29. a5 {[%emt 0:00:03] a6 is the strong threat.} Nb4 30. d4 Ke6 31. Kf1 Kf5 32. f3 Kf4 (32... Nc2 $11) 33. Ke2 (33. Kf2 $1 $14) 33... g5 34. Kd2 h5 35. Kc3 Na6 36. g4 hxg4 37. hxg4 c5 $2 (37... Kxf3 $2 38. d5 Nc5 39. d6 (39. dxc6 Na6 $11) 39... Ne4+ 40. Kd4 Nxd6 41. a6 $18) (37... Nc7 $11) 38. d5 $18 {[%emt 0:00:51] Hoping for d6.} Ke5 39. Kd3 Nb4+ 40. Ke3 {[%emt 0:00:31][%cal Of3f4] Black must now prevent f4+!} Nc2+ 41. Kd2 Nb4 42. f4+ gxf4 43. g5 {[%emt 0:00:10][%cal Bg4g5,Bg5g6,Bg6g7][%mdl 32] Threatens to win with g6.} Nxd5 44. cxd5 {[%emt 0:06:02] White mates.} c4 45. g6 f3 46. g7 {[%emt 0:00:18] Weighted Error Value: White=0.18 (very precise) /Black=0.32} ({Not} 46. Ke3 c3 47. Kxf3 c2 $11) 1-0

[Event "SVK ECo-C Extraliga 2021-22"]
[Site "Slovakia"]
[Date "2022.06.10"]
[Round "9.2"]
[White "Pulpan, Jakub"]
[Black "Balogh, Csaba"]
[Result "1/2-1/2"]
[ECO "B22"]
[WhiteElo "2418"]
[BlackElo "2586"]
[Annotator "TA"]
[PlyCount "106"]
[EventDate "2021.10.21"]
[EventType "team-tourn"]
[EventCountry "SVK"]
[SourceTitle "playchess.com"]
[Source "ChessBase"]
[SourceQuality "1"]
[TimeControl "40/5400+30:1800+30"]

1. e4 c5 2. Nf3 e6 3. c3 d5 4. exd5 Qxd5 5. d4 Nf6 6. Be3 cxd4 7. cxd4 Bb4+ 8. Nbd2 {[%emt 0:03:23] B22: Sicilian: 2 c3.} O-O 9. Be2 {[%emt 0:01:22] [#]} b6 $146 ({Predecessor:} 9... Nbd7 10. O-O b6 11. Qa4 Qa5 12. Qb3 Bxd2 13. Bxd2 Qd5 14. Bc4 Qh5 15. Bf4 Bb7 {1-0 (50) Sezdbekov,R (2043)-Asanakunov,Z (2022) Bishkek 2016}) 10. O-O {[%emt 0:18:15] Black is slightly better.} Ba6 11. Bg5 Bxd2 12. Bxf6 ({Wrong is} 12. Qxd2 $2 Ne4 13. Qe3 Bxe2 14. Qxe2 Nxg5 $19) 12... Bxe2 13. Qxe2 Bb4 14. a3 Bd6 15. Be5 Nc6 16. Rac1 Rfd8 17. Qc4 (17. Rc3 $11) 17... Bxe5 $17 18. dxe5 Nxe5 19. Qxd5 Rxd5 20. Nxe5 Rxe5 {[%emt 0:00:04][%mdl 4096] Endgame KRR-KRR} 21. Rfd1 g5 22. g3 a5 23. Rd7 Rb5 24. Rcc7 Rf8 25. b4 axb4 26. axb4 Rxb4 27. Rb7 g4 28. Kg2 Kg7 29. h3 {[%emt 0:05:30] [#]} h5 $1 30. Rd6 Kg6 31. Rdxb6 Rxb6 32. Rxb6 {[%emt 0:00:03] KR-KR} Rd8 33. Rb4 {[%emt 0:02:46] [#]} f5 (33... Kg5 $1 $17 34. h4+ Kg6) 34. hxg4 (34. Ra4 $15) 34... hxg4 35. Rb6 Kf6 36. Ra6 Ke5 37. Ra1 Rd2 38. Ra6 Kd5 39. Ra5+ Ke4 40. Ra4+ Rd4 41. Ra6 e5 42. Ra3 Rc4 43. Re3+ Kd4 44. Ra3 f4 (44... Kd5 $17 45. Kf1 Rc2) 45. gxf4 $11 {[%emt 0:00:25] The position is equal.} exf4 46. Ra8 $1 Rc2 47. Rf8 Ke5 {[%emt 0:00:27] White must now prevent ...g3.} 48. Re8+ Kd5 49. Rf8 $1 Ke5 {[%emt 0:01:45] Strongly threatening ...g3.} 50. Re8+ Kd5 {[%emt 0:01:52] Hoping for ...g3.} 51. Rf8 g3 52. Rxf4 Rxf2+ 53. Rxf2 gxf2 {[%emt 0:00:05] Weighted Error Value: White=0.07 (flawless) /Black=0.06 (flawless)} 1/2-1/2

[Event "SVK ECo-C Extraliga 2021-22"]
[Site "Slovakia"]
[Date "2022.06.10"]
[Round "9.2"]
[White "Kostolansky, Sebastian Lukas"]
[Black "Nemeth, Miklos"]
[Result "1/2-1/2"]
[ECO "C84"]
[WhiteElo "2395"]
[BlackElo "2449"]
[Annotator "TA"]
[PlyCount "54"]
[EventDate "2021.10.21"]
[EventType "team-tourn"]
[EventCountry "SVK"]
[SourceTitle "playchess.com"]
[Source "ChessBase"]
[SourceQuality "1"]
[TimeControl "40/5400+30:1800+30"]

1. e4 e5 2. Nf3 Nc6 3. Bb5 a6 4. Ba4 Nf6 5. O-O Be7 6. d3 d6 7. c3 O-O 8. Re1 b5 9. Bc2 Re8 10. Nbd2 {[%emt 0:01:03][%cal Bb1d2,Bd2f1,Bf1g3][%mdl 32] C84: Closed Ruy Lopez: Unusual White 6th moves.} Bf8 11. Nf1 h6 12. Ng3 {[%emt 0:05:14] White has an edge.} g6 ({Black should try} 12... d5 $11) 13. d4 (13. Bd2 $14) 13... Bb7 {[%emt 0:01:20] [#]} (13... exd4 $11 14. cxd4 Bg7) 14. d5 $146 ({Predecessor:} 14. b3 Nd7 15. Be3 Nf6 16. d5 Ne7 17. c4 c6 18. Qe2 cxd5 19. cxd5 Qd7 20. h3 {1-0 (38) Papp,G (2599)-Cvek,R (2537) Slovakia 2016}) 14... Nb8 15. b3 (15. h4 $14) 15... c6 $11 16. c4 Nbd7 17. Bd3 Qc7 18. Bf1 Rab8 19. Bd2 bxc4 20. bxc4 ({Reject} 20. dxc6 Bxc6 21. Bxc4 Qb7 $15) 20... Nc5 21. Qc1 Kh7 22. Qa3 Ba8 23. Bb4 Nfd7 24. Rab1 Qa7 25. Nd2 Rb6 26. Nb3 Nxb3 27. Rxb3 ({Wrong is} 27. Qxb3 $2 Reb8 28. Qf3 Bg7 29. dxc6 Bxc6 $19) 27... c5 {[%emt 0:03:18] Weighted Error Value: White=0.19 (very precise) /Black=0.17 (very precise)} 1/2-1/2

[Event "SVK ECo-C Extraliga 2021-22"]
[Site "Slovakia"]
[Date "2022.06.10"]
[Round "9.3"]
[White "Kozak, Adam"]
[Black "Jablonicky, Martin"]
[Result "1-0"]
[ECO "E60"]
[WhiteElo "2532"]
[BlackElo "2377"]
[Annotator "TA"]
[PlyCount "117"]
[EventDate "2021.10.21"]
[EventType "team-tourn"]
[EventCountry "SVK"]
[SourceTitle "playchess.com"]
[Source "ChessBase"]
[SourceQuality "1"]
[TimeControl "40/5400+30:1800+30"]

1. Nf3 Nf6 2. g3 g6 3. b3 Bg7 4. Bb2 O-O 5. Bg2 d6 6. d4 c5 7. c4 Qa5+ 8. Bc3 Qc7 9. Nbd2 cxd4 10. Nxd4 Nc6 11. O-O Nxd4 12. Bxd4 Bd7 {[%emt 0:00:40] [#]} 13. Nb1 $146 {[%emt 0:15:10] E60: King's Indian: Unusual lines and Fianchetto Variation without Nc3.} ({Predecessor:} 13. Rc1 Bc6 14. e4 Nd7 15. Be3 Qa5 16. Qc2 Rfc8 17. Nf3 Nc5 18. Nd4 Bd7 19. Qe2 a6 20. Rc2 b5 {1-0 (46) Lai,H (2459)-Pel,B (2281) Bruges 2018}) 13... Bc6 14. Nc3 Bxg2 15. Kxg2 {[%emt 0:00:15] White is slightly better.} Qa5 16. Rc1 Rfe8 17. a4 Rac8 18. Qd3 a6 19. Rfd1 h5 20. Qd2 h4 21. f3 Kh7 22. g4 Bh6 23. Be3 Bxe3 24. Qxe3 Kg7 25. Nd5 Nxd5 26. Rxd5 Rc5 27. Rxc5 {[%emt 0:00:20] White is more active.} Qxc5 28. Qxc5 dxc5 $16 {[%emt 0:00:04][%mdl 4096] Endgame KR-KR} 29. Rd1 {[%emt 0:00:07] Against Rd8} b5 30. axb5 ({Of course not} 30. cxb5 axb5 31. a5 (31. axb5 Rb8 $11) 31... Kf6 $11) (30. Rd5 $16) 30... axb5 $11 31. Rd5 bxc4 32. bxc4 Rc8 33. Kh3 e6 34. Re5 Ra8 (34... Kf6 $11 35. f4 Ke7) 35. Kxh4 (35. Rxc5 $142 Ra2 36. Kxh4) 35... Ra2 ({Better is} 35... Ra5) 36. g5 (36. Kg3 $16) 36... Rc2 37. Re4 ({White should play} 37. Rxc5 $16 {Threatens to win with e4.} Rxe2 38. Kg3) 37... Kf8 38. Kg3 Ke7 39. h4 Kd6 40. Rf4 (40. h5 $5 gxh5 41. Kh4 $16) 40... Ke7 41. Re4 Kd6 42. h5 gxh5 43. Kh4 Rc1 44. Kxh5 Rh1+ 45. Rh4 Re1 46. Kh6 {[%emt 0:06:51] Black must now prevent Kg7.} Rxe2 47. Rf4 $1 Rh2+ 48. Kg7 Rg2 $2 {[%emt 0:00:04][%mdl 8192] [#] This costs Black the game.} (48... Rh5 $16) 49. Rg4 $1 {[%emt 0:01:08] White mates.} Ra2 50. Kxf7 Ke5 51. g6 Ra7+ 52. Ke8 ({Not} 52. Kf8 Kf6 53. Ke8 Re7+ 54. Kd8 Rg7 $14) 52... Ra8+ {[%emt 0:00:37] [#]} 53. Kd7 $1 Ra7+ 54. Kc6 Rg7 55. Kxc5 Kf5 56. Kb6 e5 57. c5 e4 58. Rxe4 Rxg6+ 59. c6 {[%emt 0:00:05] Weighted Error Value: White=0.09 (flawless) /Black=0.24 (precise)} 1-0